 Dungeon Crawl Stone Soup version 0.28-a0-1447-ga5a8893891 (webtiles) character file.

Game seed: 15396639081226634714

105 eustatius the Covered (level 4, -5/35 HPs)
             Began as a Demonspawn Fighter on Jan 11, 2022.
             Was a Plaything of Xom.
             Slain by a komodo dragon (shapeshifter) (10 damage)
             ... on level 2 of the Dungeon.
             The game lasted 00:04:45 (1732 turns).

eustatius the Covered (Demonspawn Fighter)          Turns: 1732, Time: 00:04:46

Health: -5/35      AC:  8    Str: 18    XL:     4   Next: 54%
Magic:  4/4        EV: 10    Int: 10    God:    Xom [..*...]
Gold:   91         SH:  0    Dex: 12    Spells: 3/3 levels left

rFire   . . .      SeeInvis .   k - +2 quarterstaff (chaos)
rCold   . . .      Faith    .   (shield currently unavailable)
rNeg    . . .      Spirit   .   b - +0 scale mail
rPois   .          Reflect  .   (no helmet)
rElec   .          Harm     .   l - +0 cloak
rCorr   .          Rampage  .   (no gloves)
Will    .....                   (no boots)
Stlth   ..........              (no amulet)
HPRegen 0.11/turn               (no ring)
MPRegen 0.09/turn               (no ring)

@: mighty
A: demonic guardian 1, sturdy frame 1
a: Renounce Religion


You were on level 2 of the Dungeon.
You worshipped Xom.
You were a toy of Xom.
You visited 1 branch of the dungeon, and saw 3 of its levels.

You collected 91 gold pieces.

Inventory:

Hand Weapons
 a - a +0 trident
 k - a +2 quarterstaff of chaos (weapon)
Missiles
 i - 8 poisoned darts (quivered)
Armour
 b - a +0 scale mail (worn)
 c - a +0 buckler
 l - a +0 cloak (worn)
 m - the +0 ring mail of Reason {Int+5}
   (You found it on level 3 of the Dungeon)

   Int:       It affects your intelligence (+5).
Scrolls
 e - a scroll of amnesia {unknown}
 f - a scroll of teleportation {unknown}
 g - a scroll of identify {unknown}
Potions
 h - a potion of haste {unknown}
 j - a potion of attraction {unknown}


   Skills:
 + Level 3.1 Fighting
 - Level 2.6 Polearms
 * Level 3.7 Armour
 + Level 3.4 Shields


You had 3 spell levels left.
You didn't know any spells.
Your spell library was empty.

Dungeon Overview and Level Annotations

Branches:
Dungeon (3/15)

Altars:
Xom

Annotations:
D:3 Sigmund


Innate Abilities, Weirdness & Mutations

A weak demonic guardian rushes to your aid.
Your movements are slightly less encumbered by armour. (ER -2)


Message History

You feel much better. The adder bites you but does no damage.
Sigmund closely misses you.
You barely miss the adder.
The adder is heavily wounded.
The adder bites you but does no damage. x2
Sigmund casts a spell.
Sigmund flickers and vanishes!
Deactivating autopickup; reactivate with Ctrl-A.
You miss the adder.
The adder is heavily wounded.
The adder barely misses you. Something hits you.
You barely miss the adder.
The adder is heavily wounded.
The adder bites you but does no damage. The adder closely misses you.
Something hits you!
You hit the adder but do no damage.
The adder changes into a shapeshifter!
Xom is amused.
The shapeshifter changes into a komodo dragon!
You thump the komodo dragon! You burn the komodo dragon.
The komodo dragon is moderately wounded.
Something hits you but does no damage.
You are poisoned.
The komodo dragon barely misses you.
You feel sick.
You feel sick.
You feel sick.
There is a stone staircase leading up here.
You feel sick. The komodo dragon bites you!
* * * LOW HITPOINT WARNING * * *
A demonic guardian appears!
You climb upwards.
Reactivating autopickup.
You feel sick.
There is a stone staircase leading down here.
You feel very mighty all of a sudden.
You feel sick.
You are no longer poisoned.
The komodo dragon bites you!
You die...
Xom roars with laughter!

#..........# #..).......#
########### #..........#
#......†..# #..........#
##.######.####..........##
#.# #................. #.#
#.####..........##
#.######.################
#.......@l...............
################.########
#####.# #.....### ##
#.......# #. #.....#.# #.
##.....#.## #. #.........#
## #.........# ♣♣


You could see a komodo dragon shaped shifter.

Vanquished Creatures
  Crazy Yiuf (D:2)
  Jessica (D:2)
  2 gnolls (D:2)
  A worm (D:2)
  3 ball pythons (D:2)
  2 bats
  2 giant cockroaches (D:1)
  A goblin (D:2)
  3 hobgoblins (D:2)
  A frilled lizard (D:2)
  2 kobolds
  2 rats (D:1)
21 creatures vanquished.

Vanquished Creatures (collateral kills)
  A gnoll (D:2)
1 creature vanquished.

Grand Total: 22 creatures vanquished

Notes
Turn   | Place    | Note
-------+----------+-------------------------------------------
     0 | D:1      | eustatius the Demonspawn Fighter began the quest for the
                  | Orb.
     0 | D:1      | Reached XP level 1. HP: 18/18 MP: 1/1
   243 | D:1      | You fall into a shaft and drop 1 floor!
   275 | D:2      | Gained mutation: A weak demonic guardian rushes to your
                  | aid. [demonic ancestry]
   275 | D:2      | Reached XP level 2. HP: 23/24 MP: 2/2
   464 | D:2      | Reached XP level 3. HP: 6/29 MP: 3/3
   818 | D:2      | Noticed Jessica
   827 | D:2      | Killed Jessica
   828 | D:2      | Gained mutation: Your movements are slightly less
                  | encumbered by armour. (ER -2) [demonic ancestry]
   828 | D:2      | Reached XP level 4. HP: 32/35 MP: 4/4
   884 | D:2      | Found a faded altar of an unknown god.
   969 | D:2      | Found a shimmering altar of Xom.
  1010 | D:2      | Became a worshipper of Xom of Chaos
  1015 | D:2      | XOM: silly message
  1276 | D:2      | Found a runed translucent door.
  1277 | D:2      | Noticed Crazy Yiuf
  1376 | D:2      | Killed Crazy Yiuf
  1715 | D:3      | Noticed Sigmund
  1715 | D:3      | XOM: potion effect (curing)
  1716 | D:3      | Identified the +0 ring mail of Reason {Int+5}
  1721 | D:3      | XOM: potion effect (heal wounds)
  1725 | D:3      | Noticed a shapeshifter
  1725 | D:3      | an adder changed into a shapeshifter
  1725 | D:3      | Noticed a komodo dragon
  1725 | D:3      | a shapeshifter changed into a komodo dragon
  1732 | D:2      | Slain by a komodo dragon (shapeshifter)

Illustrated notes

Levels and vault maps discovered:
D:1:      dpeg_arrival_connections, layout_loops_ring
D:2:      layout_basic, basic_ecumenical_altar, basic_altar,
          uniq_crazy_yiuf_cottage, uniq_jessica
D:3:      layout_loops_ring, mainiacjoe_overflow_alcove_1, uniq_grinder,
          uniq_robin, uniq_sigmund

Skill      XL: |  1  2 |
---------------+-------+-----
Polearms       | 2 |  2.6
Armour         | 3 |  3.7
Shields        | 3 |  3.4
Fighting       | |  3.1

Action                   |  1- 3 |  4- 6 || total
-------------------------+-------+-------++-------
Melee: Trident           |    42 |    27 ||    69
       Quarterstaff      |       |     7 ||     7
  Use: Potion            |       |     1 ||     1
Armor: Scale mail        |    32 |    17 ||    49
Dodge: Dodged            |    20 |    23 ||    43
Block: Buckler           |    16 |     4 ||    20

Table legend: (Time is in decaauts)
 A = Elapsed time spent in this place.
 B = Non-inter-level travel time spent in this place.
 C = Inter-level travel time spent in this place.
 D = Time resting spent in this place.
 E = Time spent auto-exploring this place.
 F = Levels seen in this place.
 G = Mean time per level.
                   A        B        C        D        E       F      G
               +--------+--------+--------+--------+--------+-----+--------+
         Total |   1749 |   1648 |    101 |    288 |   1016 |   3 |  583.0 |
       Dungeon |   1749 |   1648 |    101 |    288 |   1016 |   3 |  583.0 |
               +--------+--------+--------+--------+--------+-----+--------+

Top non-repeatable levels by time:
     D:2: 1480 daAuts
     D:1: 247 daAuts
     D:3: 21 daAuts
